Workbook

Sheet Summary
A1: Self Storage Bank Reconciliation Summary
A3: Calculated Indicator | B3: Calculated Value
A4: Facility | B4: =IF(Assumptions!$B$4="","",Assumptions!$B$4)
A5: Period start | B5: =IF(Assumptions!$B$5="","",Assumptions!$B$5)
A6: Period end | B6: =IF(Assumptions!$B$6="","",Assumptions!$B$6)
A7: BANK STATEMENT
A8: Opening bank statement balance | B8: =IF(Assumptions!$B$7="","",Assumptions!$B$7)
A9: Entered bank net activity | B9: =IF(OR(B4="",B5="",B6=""),"",SUMIFS('Bank Statement'!$F$7:$F$126,'Bank Statement'!$B$7:$B$126,B4,'Bank Statement'!$C$7:$C$126,B6,'Bank Statement'!$A$7:$A$126,">="&B5,'Bank Statement'!$A$7:$A$126,"<="&B6))
A10: Calculated statement ending balance | B10: =IF(OR(B8="",B9=""),"",B8+B9)
A11: BOOK ACTIVITY
A12: Opening book balance | B12: =IF(Assumptions!$B$8="","",Assumptions!$B$8)
A13: Entered book net activity | B13: =IF(OR(B4="",B5="",B6=""),"",SUMIFS('Book Entries'!$G$7:$G$126,'Book Entries'!$B$7:$B$126,B4,'Book Entries'!$D$7:$D$126,B6,'Book Entries'!$A$7:$A$126,">="&B5,'Book Entries'!$A$7:$A$126,"<="&B6))
A14: Calculated book ending balance | B14: =IF(OR(B12="",B13=""),"",B12+B13)
A15: RECONCILING ITEMS
A16: Deposits in transit | B16: =IF(OR(B4="",B5="",B6=""),"",SUMIFS('Book Entries'!$G$7:$G$126,'Book Entries'!$B$7:$B$126,B4,'Book Entries'!$D$7:$D$126,B6,'Book Entries'!$J$7:$J$126,"Deposit in transit",'Book Entries'!$A$7:$A$126,">="&B5,'Book Entries'!$A$7:$A$126,"<="&B6))
A17: Outstanding payments | B17: =IF(OR(B4="",B5="",B6=""),"",-SUMIFS('Book Entries'!$G$7:$G$126,'Book Entries'!$B$7:$B$126,B4,'Book Entries'!$D$7:$D$126,B6,'Book Entries'!$J$7:$J$126,"Outstanding payment",'Book Entries'!$A$7:$A$126,">="&B5,'Book Entries'!$A$7:$A$126,"<="&B6))
A18: Adjusted bank balance | B18: =IF(OR(B10="",B16="",B17=""),"",B10+B16-B17)
A19: Reconciliation difference | B19: =IF(OR(B18="",B14=""),"",B18-B14)
A20: REVIEW INDICATORS
A21: Bank-only review amount | B21: =IF(OR(B4="",B5="",B6=""),"",SUMIFS('Bank Statement'!$F$7:$F$126,'Bank Statement'!$B$7:$B$126,B4,'Bank Statement'!$C$7:$C$126,B6,'Bank Statement'!$H$7:$H$126,"Bank only / review",'Bank Statement'!$A$7:$A$126,">="&B5,'Bank Statement'!$A$7:$A$126,"<="&B6))
A22: Book-only review amount | B22: =IF(OR(B4="",B5="",B6=""),"",SUMIFS('Book Entries'!$G$7:$G$126,'Book Entries'!$B$7:$B$126,B4,'Book Entries'!$D$7:$D$126,B6,'Book Entries'!$J$7:$J$126,"Book only / review",'Book Entries'!$A$7:$A$126,">="&B5,'Book Entries'!$A$7:$A$126,"<="&B6))
A23: MATCHING INDICATORS
A24: Bank lines requiring review | B24: =IF(OR(B4="",B5="",B6=""),"",COUNTIFS('Bank Statement'!$B$7:$B$126,B4,'Bank Statement'!$C$7:$C$126,B6,'Bank Statement'!$A$7:$A$126,">="&B5,'Bank Statement'!$A$7:$A$126,"<="&B6,'Bank Statement'!$H$7:$H$126,"<>Matched"))
A25: Book entries requiring review | B25: =IF(OR(B4="",B5="",B6=""),"",COUNTIFS('Book Entries'!$B$7:$B$126,B4,'Book Entries'!$D$7:$D$126,B6,'Book Entries'!$A$7:$A$126,">="&B5,'Book Entries'!$A$7:$A$126,"<="&B6,'Book Entries'!$J$7:$J$126,"Book only / review")+COUNTIFS('Book Entries'!$B$7:$B$126,B4,'Book Entries'!$D$7:$D$126,B6,'Book Entries'!$A$7:$A$126,">="&B5,'Book Entries'!$A$7:$A$126,"<="&B6,'Book Entries'!$J$7:$J$126,"Amount differs")+COUNTIFS('Book Entries'!$B$7:$B$126,B4,'Book Entries'!$D$7:$D$126,B6,'Book Entries'!$A$7:$A$126,">="&B5,'Book Entries'!$A$7:$A$126,"<="&B6,'Book Entries'!$J$7:$J$126,"Review"))
A26: Matched bank line rate | B26: =IFERROR(COUNTIFS('Bank Statement'!$B$7:$B$126,B4,'Bank Statement'!$C$7:$C$126,B6,'Bank Statement'!$A$7:$A$126,">="&B5,'Bank Statement'!$A$7:$A$126,"<="&B6,'Bank Statement'!$H$7:$H$126,"Matched")/COUNTIFS('Bank Statement'!$B$7:$B$126,B4,'Bank Statement'!$C$7:$C$126,B6,'Bank Statement'!$A$7:$A$126,">="&B5,'Bank Statement'!$A$7:$A$126,"<="&B6),"")
A27: Overall result | B27: =IF(OR(B19="",B24="",B25=""),"",IF(AND(ABS(B19)<=Assumptions!$B$9,B24=0,B25=0),"Within entered tolerance","Human review requested"))

Sheet Bank Statement
A1: Entered Bank Statement Activity
A2: Enter signed bank activity. Positive amounts increase the bank balance; negative amounts decrease it.
A3: A blank book reference is flagged for human review. Status is calculated from the entered reference and amount.
L4: =Assumptions!D4 | M4: =Assumptions!F4
L5: =Assumptions!D5 | M5: =Assumptions!F5
A6: Bank Date | B6: Facility | C6: Period | D6: Bank Reference | E6: Description | F6: Amount | G6: Book Reference | H6: Status | I6: Owner | J6: Notes | L6: =Assumptions!D6 | M6: =Assumptions!F6
A7: 46235 | B7: Cedar Lantern Storage (Fictional) | C7: 46265 | D7: FS-BNK-202608-001 | E7: Fictional customer deposit batch | F7: 4800 | G7: FS-BK-202608-001 | H7: =IF(COUNTA(A7:G7,I7:J7)=0,"",IF(G7="","Bank only / review",IF(COUNTIF('Book Entries'!$E$7:$E$126,G7)=0,"Bank only / review",IFERROR(IF(ABS(F7-SUMIF('Book Entries'!$E$7:$E$126,G7,'Book Entries'!$G$7:$G$126))<=Assumptions!$B$9,"Matched","Amount differs"),"Review")))) | I7: Mara Ellison (Fictional) | J7: Sample batch entered from a fictional statement. | L7: =Assumptions!D7 | M7: =Assumptions!F7
A8: 46237 | B8: Cedar Lantern Storage (Fictional) | C8: 46265 | D8: FS-BNK-202608-002 | E8: Fictional maintenance vendor payment | F8: -1250 | G8: FS-BK-202608-002 | H8: =IF(COUNTA(A8:G8,I8:J8)=0,"",IF(G8="","Bank only / review",IF(COUNTIF('Book Entries'!$E$7:$E$126,G8)=0,"Bank only / review",IFERROR(IF(ABS(F8-SUMIF('Book Entries'!$E$7:$E$126,G8,'Book Entries'!$G$7:$G$126))<=Assumptions!$B$9,"Matched","Amount differs"),"Review")))) | I8: Theo Grant (Fictional) | J8: Sample cleared payment. | L8: =Assumptions!D8 | M8: =Assumptions!F8
A9: 46239 | B9: Cedar Lantern Storage (Fictional) | C9: 46265 | D9: FS-BNK-202608-003 | E9: Fictional customer deposit batch | F9: 3650 | G9: FS-BK-202608-003 | H9: =IF(COUNTA(A9:G9,I9:J9)=0,"",IF(G9="","Bank only / review",IF(COUNTIF('Book Entries'!$E$7:$E$126,G9)=0,"Bank only / review",IFERROR(IF(ABS(F9-SUMIF('Book Entries'!$E$7:$E$126,G9,'Book Entries'!$G$7:$G$126))<=Assumptions!$B$9,"Matched","Amount differs"),"Review")))) | I9: Mara Ellison (Fictional) | J9: Sample cleared deposit. | L9: =Assumptions!D9 | M9: =Assumptions!F9
A10: 46242 | B10: Cedar Lantern Storage (Fictional) | C10: 46265 | D10: FS-BNK-202608-004 | E10: Fictional utility draft | F10: -620 | G10: FS-BK-202608-004 | H10: =IF(COUNTA(A10:G10,I10:J10)=0,"",IF(G10="","Bank only / review",IF(COUNTIF('Book Entries'!$E$7:$E$126,G10)=0,"Bank only / review",IFERROR(IF(ABS(F10-SUMIF('Book Entries'!$E$7:$E$126,G10,'Book Entries'!$G$7:$G$126))<=Assumptions!$B$9,"Matched","Amount differs"),"Review")))) | I10: Rina Caldwell (Fictional) | J10: Sample cleared operating expense. | L10: =Assumptions!D10 | M10: =Assumptions!F10
A11: 46245 | B11: Cedar Lantern Storage (Fictional) | C11: 46265 | D11: FS-BNK-202608-005 | E11: Fictional customer deposit batch | F11: 5100 | G11: FS-BK-202608-005 | H11: =IF(COUNTA(A11:G11,I11:J11)=0,"",IF(G11="","Bank only / review",IF(COUNTIF('Book Entries'!$E$7:$E$126,G11)=0,"Bank only / review",IFERROR(IF(ABS(F11-SUMIF('Book Entries'!$E$7:$E$126,G11,'Book Entries'!$G$7:$G$126))<=Assumptions!$B$9,"Matched","Amount differs"),"Review")))) | I11: Mara Ellison (Fictional) | J11: Sample cleared deposit. | L11: =Assumptions!D11 | M11: =Assumptions!F11
A12: 46248 | B12: Cedar Lantern Storage (Fictional) | C12: 46265 | D12: FS-BNK-202608-006 | E12: Fictional landscaping vendor payment | F12: -1800 | G12: FS-BK-202608-006 | H12: =IF(COUNTA(A12:G12,I12:J12)=0,"",IF(G12="","Bank only / review",IF(COUNTIF('Book Entries'!$E$7:$E$126,G12)=0,"Bank only / review",IFERROR(IF(ABS(F12-SUMIF('Book Entries'!$E$7:$E$126,G12,'Book Entries'!$G$7:$G$126))<=Assumptions!$B$9,"Matched","Amount differs"),"Review")))) | I12: Theo Grant (Fictional) | J12: Sample cleared payment. | L12: =Assumptions!D12 | M12: =Assumptions!F12
A13: 46251 | B13: Cedar Lantern Storage (Fictional) | C13: 46265 | D13: FS-BNK-202608-007 | E13: Fictional bank service charge | F13: -35 | H13: =IF(COUNTA(A13:G13,I13:J13)=0,"",IF(G13="","Bank only / review",IF(COUNTIF('Book Entries'!$E$7:$E$126,G13)=0,"Bank only / review",IFERROR(IF(ABS(F13-SUMIF('Book Entries'!$E$7:$E$126,G13,'Book Entries'!$G$7:$G$126))<=Assumptions!$B$9,"Matched","Amount differs"),"Review")))) | I13: Rina Caldwell (Fictional) | J13: No book reference entered; human review requested. | L13: =Assumptions!D13 | M13: =Assumptions!F13
A14: 46254 | B14: Cedar Lantern Storage (Fictional) | C14: 46265 | D14: FS-BNK-202608-008 | E14: Fictional customer deposit batch | F14: 4200 | G14: FS-BK-202608-007 | H14: =IF(COUNTA(A14:G14,I14:J14)=0,"",IF(G14="","Bank only / review",IF(COUNTIF('Book Entries'!$E$7:$E$126,G14)=0,"Bank only / review",IFERROR(IF(ABS(F14-SUMIF('Book Entries'!$E$7:$E$126,G14,'Book Entries'!$G$7:$G$126))<=Assumptions!$B$9,"Matched","Amount differs"),"Review")))) | I14: Mara Ellison (Fictional) | J14: Sample cleared deposit. | L14: =Assumptions!D14 | M14: =Assumptions!F14
A15: 46257 | B15: Cedar Lantern Storage (Fictional) | C15: 46265 | D15: FS-BNK-202608-009 | E15: Fictional insurance vendor payment | F15: -975 | G15: FS-BK-202608-008 | H15: =IF(COUNTA(A15:G15,I15:J15)=0,"",IF(G15="","Bank only / review",IF(COUNTIF('Book Entries'!$E$7:$E$126,G15)=0,"Bank only / review",IFERROR(IF(ABS(F15-SUMIF('Book Entries'!$E$7:$E$126,G15,'Book Entries'!$G$7:$G$126))<=Assumptions!$B$9,"Matched","Amount differs"),"Review")))) | I15: Owen Mercer (Fictional) | J15: Sample cleared payment. | L15: =Assumptions!D15 | M15: =Assumptions!F15
A16: 46265 | B16: Cedar Lantern Storage (Fictional) | C16: 46265 | D16: FS-BNK-202608-010 | E16: Fictional customer deposit batch | F16: 3400 | G16: FS-BK-202608-009 | H16: =IF(COUNTA(A16:G16,I16:J16)=0,"",IF(G16="","Bank only / review",IF(COUNTIF('Book Entries'!$E$7:$E$126,G16)=0,"Bank only / review",IFERROR(IF(ABS(F16-SUMIF('Book Entries'!$E$7:$E$126,G16,'Book Entries'!$G$7:$G$126))<=Assumptions!$B$9,"Matched","Amount differs"),"Review")))) | I16: Mara Ellison (Fictional) | J16: Period-end boundary example. | L16: =Assumptions!D16 | M16: =Assumptions!F16
H17: =IF(COUNTA(A17:G17,I17:J17)=0,"",IF(G17="","Bank only / review",IF(COUNTIF('Book Entries'!$E$7:$E$126,G17)=0,"Bank only / review",IFERROR(IF(ABS(F17-SUMIF('Book Entries'!$E$7:$E$126,G17,'Book Entries'!$G$7:$G$126))<=Assumptions!$B$9,"Matched","Amount differs"),"Review")))) | L17: =Assumptions!D17 | M17: =Assumptions!F17
H18: =IF(COUNTA(A18:G18,I18:J18)=0,"",IF(G18="","Bank only / review",IF(COUNTIF('Book Entries'!$E$7:$E$126,G18)=0,"Bank only / review",IFERROR(IF(ABS(F18-SUMIF('Book Entries'!$E$7:$E$126,G18,'Book Entries'!$G$7:$G$126))<=Assumptions!$B$9,"Matched","Amount differs"),"Review")))) | L18: =Assumptions!D18 | M18: =Assumptions!F18
H19: =IF(COUNTA(A19:G19,I19:J19)=0,"",IF(G19="","Bank only / review",IF(COUNTIF('Book Entries'!$E$7:$E$126,G19)=0,"Bank only / review",IFERROR(IF(ABS(F19-SUMIF('Book Entries'!$E$7:$E$126,G19,'Book Entries'!$G$7:$G$126))<=Assumptions!$B$9,"Matched","Amount differs"),"Review")))) | L19: =Assumptions!D19 | M19: =Assumptions!F19
H20: =IF(COUNTA(A20:G20,I20:J20)=0,"",IF(G20="","Bank only / review",IF(COUNTIF('Book Entries'!$E$7:$E$126,G20)=0,"Bank only / review",IFERROR(IF(ABS(F20-SUMIF('Book Entries'!$E$7:$E$126,G20,'Book Entries'!$G$7:$G$126))<=Assumptions!$B$9,"Matched","Amount differs"),"Review")))) | L20: =Assumptions!D20 | M20: =Assumptions!F20
H21: =IF(COUNTA(A21:G21,I21:J21)=0,"",IF(G21="","Bank only / review",IF(COUNTIF('Book Entries'!$E$7:$E$126,G21)=0,"Bank only / review",IFERROR(IF(ABS(F21-SUMIF('Book Entries'!$E$7:$E$126,G21,'Book Entries'!$G$7:$G$126))<=Assumptions!$B$9,"Matched","Amount differs"),"Review")))) | L21: =Assumptions!D21 | M21: =Assumptions!F21
H22: =IF(COUNTA(A22:G22,I22:J22)=0,"",IF(G22="","Bank only / review",IF(COUNTIF('Book Entries'!$E$7:$E$126,G22)=0,"Bank only / review",IFERROR(IF(ABS(F22-SUMIF('Book Entries'!$E$7:$E$126,G22,'Book Entries'!$G$7:$G$126))<=Assumptions!$B$9,"Matched","Amount differs"),"Review")))) | L22: =Assumptions!D22 | M22: =Assumptions!F22
H23: =IF(COUNTA(A23:G23,I23:J23)=0,"",IF(G23="","Bank only / review",IF(COUNTIF('Book Entries'!$E$7:$E$126,G23)=0,"Bank only / review",IFERROR(IF(ABS(F23-SUMIF('Book Entries'!$E$7:$E$126,G23,'Book Entries'!$G$7:$G$126))<=Assumptions!$B$9,"Matched","Amount differs"),"Review")))) | L23: =Assumptions!D23 | M23: =Assumptions!F23
H24: =IF(COUNTA(A24:G24,I24:J24)=0,"",IF(G24="","Bank only / review",IF(COUNTIF('Book Entries'!$E$7:$E$126,G24)=0,"Bank only / review",IFERROR(IF(ABS(F24-SUMIF('Book Entries'!$E$7:$E$126,G24,'Book Entries'!$G$7:$G$126))<=Assumptions!$B$9,"Matched","Amount differs"),"Review")))) | L24: =Assumptions!D24 | M24: =Assumptions!F24
H25: =IF(COUNTA(A25:G25,I25:J25)=0,"",IF(G25="","Bank only / review",IF(COUNTIF('Book Entries'!$E$7:$E$126,G25)=0,"Bank only / review",IFERROR(IF(ABS(F25-SUMIF('Book Entries'!$E$7:$E$126,G25,'Book Entries'!$G$7:$G$126))<=Assumptions!$B$9,"Matched","Amount differs"),"Review")))) | L25: =Assumptions!D25 | M25: =Assumptions!F25
H26: =IF(COUNTA(A26:G26,I26:J26)=0,"",IF(G26="","Bank only / review",IF(COUNTIF('Book Entries'!$E$7:$E$126,G26)=0,"Bank only / review",IFERROR(IF(ABS(F26-SUMIF('Book Entries'!$E$7:$E$126,G26,'Book Entries'!$G$7:$G$126))<=Assumptions!$B$9,"Matched","Amount differs"),"Review")))) | L26: =Assumptions!D26 | M26: =Assumptions!F26
H27: =IF(COUNTA(A27:G27,I27:J27)=0,"",IF(G27="","Bank only / review",IF(COUNTIF('Book Entries'!$E$7:$E$126,G27)=0,"Bank only / review",IFERROR(IF(ABS(F27-SUMIF('Book Entries'!$E$7:$E$126,G27,'Book Entries'!$G$7:$G$126))<=Assumptions!$B$9,"Matched","Amount differs"),"Review")))) | L27: =Assumptions!D27 | M27: =Assumptions!F27
H28: =IF(COUNTA(A28:G28,I28:J28)=0,"",IF(G28="","Bank only / review",IF(COUNTIF('Book Entries'!$E$7:$E$126,G28)=0,"Bank only / review",IFERROR(IF(ABS(F28-SUMIF('Book Entries'!$E$7:$E$126,G28,'Book Entries'!$G$7:$G$126))<=Assumptions!$B$9,"Matched","Amount differs"),"Review")))) | L28: =Assumptions!D28 | M28: =Assumptions!F28
... H126: =IF(COUNTA(A126:G126,I126:J126)=0,"",IF(G126="","Bank only / review",IF(COUNTIF('Book Entries'!$E$7:$E$126,G126)=0,"Bank only / review",IFERROR(IF(ABS(F126-SUMIF('Book Entries'!$E$7:$E$126,G126,'Book Entries'!$G$7:$G$126))<=Assumptions!$B$9,"Matched","Amount differs"),"Review")))) | L126: =Assumptions!D126 | M126: =Assumptions!F126

Sheet Book Entries
A1: Entered Book Activity
A2: Enter signed book activity. Positive amounts increase the book balance; negative amounts decrease it.
A3: Without a bank reference, positive amounts are shown as deposits in transit and negative amounts as outstanding payments.
N4: =Assumptions!D4 | O4: =Assumptions!F4
N5: =Assumptions!D5 | O5: =Assumptions!F5
A6: Book Date | B6: Facility | C6: Unit | D6: Period | E6: Book Reference | F6: Description | G6: Amount | H6: Bank Reference | I6: Due Date | J6: Status | K6: Owner | L6: Notes | N6: =Assumptions!D6 | O6: =Assumptions!F6
A7: 46235 | B7: Cedar Lantern Storage (Fictional) | C7: Multiple fictional units | D7: 46265 | E7: FS-BK-202608-001 | F7: Fictional customer deposit batch | G7: 4800 | H7: FS-BNK-202608-001 | J7: =IF(COUNTA(A7:I7,K7:L7)=0,"",IF(H7="",IF(G7>0,"Deposit in transit",IF(G7<0,"Outstanding payment","Review")),IF(COUNTIF('Bank Statement'!$D$7:$D$126,H7)=0,"Book only / review",IFERROR(IF(ABS(G7-SUMIF('Bank Statement'!$D$7:$D$126,H7,'Bank Statement'!$F$7:$F$126))<=Assumptions!$B$9,"Matched","Amount differs"),"Review")))) | K7: Mara Ellison (Fictional) | L7: Sample matched deposit. | N7: =Assumptions!D7 | O7: =Assumptions!F7
A8: 46237 | B8: Cedar Lantern Storage (Fictional) | D8: 46265 | E8: FS-BK-202608-002 | F8: Fictional maintenance vendor payment | G8: -1250 | H8: FS-BNK-202608-002 | I8: 46237 | J8: =IF(COUNTA(A8:I8,K8:L8)=0,"",IF(H8="",IF(G8>0,"Deposit in transit",IF(G8<0,"Outstanding payment","Review")),IF(COUNTIF('Bank Statement'!$D$7:$D$126,H8)=0,"Book only / review",IFERROR(IF(ABS(G8-SUMIF('Bank Statement'!$D$7:$D$126,H8,'Bank Statement'!$F$7:$F$126))<=Assumptions!$B$9,"Matched","Amount differs"),"Review")))) | K8: Theo Grant (Fictional) | L8: Sample matched payment. | N8: =Assumptions!D8 | O8: =Assumptions!F8
A9: 46239 | B9: Cedar Lantern Storage (Fictional) | C9: Multiple fictional units | D9: 46265 | E9: FS-BK-202608-003 | F9: Fictional customer deposit batch | G9: 3650 | H9: FS-BNK-202608-003 | J9: =IF(COUNTA(A9:I9,K9:L9)=0,"",IF(H9="",IF(G9>0,"Deposit in transit",IF(G9<0,"Outstanding payment","Review")),IF(COUNTIF('Bank Statement'!$D$7:$D$126,H9)=0,"Book only / review",IFERROR(IF(ABS(G9-SUMIF('Bank Statement'!$D$7:$D$126,H9,'Bank Statement'!$F$7:$F$126))<=Assumptions!$B$9,"Matched","Amount differs"),"Review")))) | K9: Mara Ellison (Fictional) | L9: Sample matched deposit. | N9: =Assumptions!D9 | O9: =Assumptions!F9
A10: 46242 | B10: Cedar Lantern Storage (Fictional) | C10: Office | D10: 46265 | E10: FS-BK-202608-004 | F10: Fictional utility expense | G10: -620 | H10: FS-BNK-202608-004 | I10: 46242 | J10: =IF(COUNTA(A10:I10,K10:L10)=0,"",IF(H10="",IF(G10>0,"Deposit in transit",IF(G10<0,"Outstanding payment","Review")),IF(COUNTIF('Bank Statement'!$D$7:$D$126,H10)=0,"Book only / review",IFERROR(IF(ABS(G10-SUMIF('Bank Statement'!$D$7:$D$126,H10,'Bank Statement'!$F$7:$F$126))<=Assumptions!$B$9,"Matched","Amount differs"),"Review")))) | K10: Rina Caldwell (Fictional) | L10: Sample matched expense. | N10: =Assumptions!D10 | O10: =Assumptions!F10
A11: 46245 | B11: Cedar Lantern Storage (Fictional) | C11: Multiple fictional units | D11: 46265 | E11: FS-BK-202608-005 | F11: Fictional customer deposit batch | G11: 5100 | H11: FS-BNK-202608-005 | J11: =IF(COUNTA(A11:I11,K11:L11)=0,"",IF(H11="",IF(G11>0,"Deposit in transit",IF(G11<0,"Outstanding payment","Review")),IF(COUNTIF('Bank Statement'!$D$7:$D$126,H11)=0,"Book only / review",IFERROR(IF(ABS(G11-SUMIF('Bank Statement'!$D$7:$D$126,H11,'Bank Statement'!$F$7:$F$126))<=Assumptions!$B$9,"Matched","Amount differs"),"Review")))) | K11: Mara Ellison (Fictional) | L11: Sample matched deposit. | N11: =Assumptions!D11 | O11: =Assumptions!F11
A12: 46248 | B12: Cedar Lantern Storage (Fictional) | C12: Exterior grounds | D12: 46265 | E12: FS-BK-202608-006 | F12: Fictional landscaping vendor payment | G12: -1800 | H12: FS-BNK-202608-006 | I12: 46248 | J12: =IF(COUNTA(A12:I12,K12:L12)=0,"",IF(H12="",IF(G12>0,"Deposit in transit",IF(G12<0,"Outstanding payment","Review")),IF(COUNTIF('Bank Statement'!$D$7:$D$126,H12)=0,"Book only / review",IFERROR(IF(ABS(G12-SUMIF('Bank Statement'!$D$7:$D$126,H12,'Bank Statement'!$F$7:$F$126))<=Assumptions!$B$9,"Matched","Amount differs"),"Review")))) | K12: Theo Grant (Fictional) | L12: Sample matched payment. | N12: =Assumptions!D12 | O12: =Assumptions!F12
A13: 46254 | B13: Cedar Lantern Storage (Fictional) | C13: Multiple fictional units | D13: 46265 | E13: FS-BK-202608-007 | F13: Fictional customer deposit batch | G13: 4200 | H13: FS-BNK-202608-008 | J13: =IF(COUNTA(A13:I13,K13:L13)=0,"",IF(H13="",IF(G13>0,"Deposit in transit",IF(G13<0,"Outstanding payment","Review")),IF(COUNTIF('Bank Statement'!$D$7:$D$126,H13)=0,"Book only / review",IFERROR(IF(ABS(G13-SUMIF('Bank Statement'!$D$7:$D$126,H13,'Bank Statement'!$F$7:$F$126))<=Assumptions!$B$9,"Matched","Amount differs"),"Review")))) | K13: Mara Ellison (Fictional) | L13: Sample matched deposit. | N13: =Assumptions!D13 | O13: =Assumptions!F13
A14: 46257 | B14: Cedar Lantern Storage (Fictional) | C14: Office | D14: 46265 | E14: FS-BK-202608-008 | F14: Fictional insurance vendor payment | G14: -975 | H14: FS-BNK-202608-009 | I14: 46257 | J14: =IF(COUNTA(A14:I14,K14:L14)=0,"",IF(H14="",IF(G14>0,"Deposit in transit",IF(G14<0,"Outstanding payment","Review")),IF(COUNTIF('Bank Statement'!$D$7:$D$126,H14)=0,"Book only / review",IFERROR(IF(ABS(G14-SUMIF('Bank Statement'!$D$7:$D$126,H14,'Bank Statement'!$F$7:$F$126))<=Assumptions!$B$9,"Matched","Amount differs"),"Review")))) | K14: Owen Mercer (Fictional) | L14: Sample matched payment. | N14: =Assumptions!D14 | O14: =Assumptions!F14
A15: 46264 | B15: Cedar Lantern Storage (Fictional) | C15: Multiple fictional units | D15: 46265 | E15: FS-BK-202608-009 | F15: Fictional customer deposit batch | G15: 3400 | H15: FS-BNK-202608-010 | J15: =IF(COUNTA(A15:I15,K15:L15)=0,"",IF(H15="",IF(G15>0,"Deposit in transit",IF(G15<0,"Outstanding payment","Review")),IF(COUNTIF('Bank Statement'!$D$7:$D$126,H15)=0,"Book only / review",IFERROR(IF(ABS(G15-SUMIF('Bank Statement'!$D$7:$D$126,H15,'Bank Statement'!$F$7:$F$126))<=Assumptions!$B$9,"Matched","Amount differs"),"Review")))) | K15: Mara Ellison (Fictional) | L15: Sample matched period-end deposit. | N15: =Assumptions!D15 | O15: =Assumptions!F15
A16: 46265 | B16: Cedar Lantern Storage (Fictional) | C16: Multiple fictional units | D16: 46265 | E16: FS-BK-202608-010 | F16: Fictional deposit awaiting statement appearance | G16: 2100 | J16: =IF(COUNTA(A16:I16,K16:L16)=0,"",IF(H16="",IF(G16>0,"Deposit in transit",IF(G16<0,"Outstanding payment","Review")),IF(COUNTIF('Bank Statement'!$D$7:$D$126,H16)=0,"Book only / review",IFERROR(IF(ABS(G16-SUMIF('Bank Statement'!$D$7:$D$126,H16,'Bank Statement'!$F$7:$F$126))<=Assumptions!$B$9,"Matched","Amount differs"),"Review")))) | K16: Mara Ellison (Fictional) | L16: Deposit in transit boundary example. | N16: =Assumptions!D16 | O16: =Assumptions!F16
A17: 46265 | B17: Cedar Lantern Storage (Fictional) | C17: Drive aisle lighting | D17: 46265 | E17: FS-BK-202608-011 | F17: Fictional electrical vendor payment | G17: -735 | I17: 46265 | J17: =IF(COUNTA(A17:I17,K17:L17)=0,"",IF(H17="",IF(G17>0,"Deposit in transit",IF(G17<0,"Outstanding payment","Review")),IF(COUNTIF('Bank Statement'!$D$7:$D$126,H17)=0,"Book only / review",IFERROR(IF(ABS(G17-SUMIF('Bank Statement'!$D$7:$D$126,H17,'Bank Statement'!$F$7:$F$126))<=Assumptions!$B$9,"Matched","Amount differs"),"Review")))) | K17: Rina Caldwell (Fictional) | L17: Outstanding payment boundary example. | N17: =Assumptions!D17 | O17: =Assumptions!F17
J18: =IF(COUNTA(A18:I18,K18:L18)=0,"",IF(H18="",IF(G18>0,"Deposit in transit",IF(G18<0,"Outstanding payment","Review")),IF(COUNTIF('Bank Statement'!$D$7:$D$126,H18)=0,"Book only / review",IFERROR(IF(ABS(G18-SUMIF('Bank Statement'!$D$7:$D$126,H18,'Bank Statement'!$F$7:$F$126))<=Assumptions!$B$9,"Matched","Amount differs"),"Review")))) | N18: =Assumptions!D18 | O18: =Assumptions!F18
J19: =IF(COUNTA(A19:I19,K19:L19)=0,"",IF(H19="",IF(G19>0,"Deposit in transit",IF(G19<0,"Outstanding payment","Review")),IF(COUNTIF('Bank Statement'!$D$7:$D$126,H19)=0,"Book only / review",IFERROR(IF(ABS(G19-SUMIF('Bank Statement'!$D$7:$D$126,H19,'Bank Statement'!$F$7:$F$126))<=Assumptions!$B$9,"Matched","Amount differs"),"Review")))) | N19: =Assumptions!D19 | O19: =Assumptions!F19
J20: =IF(COUNTA(A20:I20,K20:L20)=0,"",IF(H20="",IF(G20>0,"Deposit in transit",IF(G20<0,"Outstanding payment","Review")),IF(COUNTIF('Bank Statement'!$D$7:$D$126,H20)=0,"Book only / review",IFERROR(IF(ABS(G20-SUMIF('Bank Statement'!$D$7:$D$126,H20,'Bank Statement'!$F$7:$F$126))<=Assumptions!$B$9,"Matched","Amount differs"),"Review")))) | N20: =Assumptions!D20 | O20: =Assumptions!F20
J21: =IF(COUNTA(A21:I21,K21:L21)=0,"",IF(H21="",IF(G21>0,"Deposit in transit",IF(G21<0,"Outstanding payment","Review")),IF(COUNTIF('Bank Statement'!$D$7:$D$126,H21)=0,"Book only / review",IFERROR(IF(ABS(G21-SUMIF('Bank Statement'!$D$7:$D$126,H21,'Bank Statement'!$F$7:$F$126))<=Assumptions!$B$9,"Matched","Amount differs"),"Review")))) | N21: =Assumptions!D21 | O21: =Assumptions!F21
J22: =IF(COUNTA(A22:I22,K22:L22)=0,"",IF(H22="",IF(G22>0,"Deposit in transit",IF(G22<0,"Outstanding payment","Review")),IF(COUNTIF('Bank Statement'!$D$7:$D$126,H22)=0,"Book only / review",IFERROR(IF(ABS(G22-SUMIF('Bank Statement'!$D$7:$D$126,H22,'Bank Statement'!$F$7:$F$126))<=Assumptions!$B$9,"Matched","Amount differs"),"Review")))) | N22: =Assumptions!D22 | O22: =Assumptions!F22
J23: =IF(COUNTA(A23:I23,K23:L23)=0,"",IF(H23="",IF(G23>0,"Deposit in transit",IF(G23<0,"Outstanding payment","Review")),IF(COUNTIF('Bank Statement'!$D$7:$D$126,H23)=0,"Book only / review",IFERROR(IF(ABS(G23-SUMIF('Bank Statement'!$D$7:$D$126,H23,'Bank Statement'!$F$7:$F$126))<=Assumptions!$B$9,"Matched","Amount differs"),"Review")))) | N23: =Assumptions!D23 | O23: =Assumptions!F23
J24: =IF(COUNTA(A24:I24,K24:L24)=0,"",IF(H24="",IF(G24>0,"Deposit in transit",IF(G24<0,"Outstanding payment","Review")),IF(COUNTIF('Bank Statement'!$D$7:$D$126,H24)=0,"Book only / review",IFERROR(IF(ABS(G24-SUMIF('Bank Statement'!$D$7:$D$126,H24,'Bank Statement'!$F$7:$F$126))<=Assumptions!$B$9,"Matched","Amount differs"),"Review")))) | N24: =Assumptions!D24 | O24: =Assumptions!F24
J25: =IF(COUNTA(A25:I25,K25:L25)=0,"",IF(H25="",IF(G25>0,"Deposit in transit",IF(G25<0,"Outstanding payment","Review")),IF(COUNTIF('Bank Statement'!$D$7:$D$126,H25)=0,"Book only / review",IFERROR(IF(ABS(G25-SUMIF('Bank Statement'!$D$7:$D$126,H25,'Bank Statement'!$F$7:$F$126))<=Assumptions!$B$9,"Matched","Amount differs"),"Review")))) | N25: =Assumptions!D25 | O25: =Assumptions!F25
J26: =IF(COUNTA(A26:I26,K26:L26)=0,"",IF(H26="",IF(G26>0,"Deposit in transit",IF(G26<0,"Outstanding payment","Review")),IF(COUNTIF('Bank Statement'!$D$7:$D$126,H26)=0,"Book only / review",IFERROR(IF(ABS(G26-SUMIF('Bank Statement'!$D$7:$D$126,H26,'Bank Statement'!$F$7:$F$126))<=Assumptions!$B$9,"Matched","Amount differs"),"Review")))) | N26: =Assumptions!D26 | O26: =Assumptions!F26
J27: =IF(COUNTA(A27:I27,K27:L27)=0,"",IF(H27="",IF(G27>0,"Deposit in transit",IF(G27<0,"Outstanding payment","Review")),IF(COUNTIF('Bank Statement'!$D$7:$D$126,H27)=0,"Book only / review",IFERROR(IF(ABS(G27-SUMIF('Bank Statement'!$D$7:$D$126,H27,'Bank Statement'!$F$7:$F$126))<=Assumptions!$B$9,"Matched","Amount differs"),"Review")))) | N27: =Assumptions!D27 | O27: =Assumptions!F27
J28: =IF(COUNTA(A28:I28,K28:L28)=0,"",IF(H28="",IF(G28>0,"Deposit in transit",IF(G28<0,"Outstanding payment","Review")),IF(COUNTIF('Bank Statement'!$D$7:$D$126,H28)=0,"Book only / review",IFERROR(IF(ABS(G28-SUMIF('Bank Statement'!$D$7:$D$126,H28,'Bank Statement'!$F$7:$F$126))<=Assumptions!$B$9,"Matched","Amount differs"),"Review")))) | N28: =Assumptions!D28 | O28: =Assumptions!F28
J29: =IF(COUNTA(A29:I29,K29:L29)=0,"",IF(H29="",IF(G29>0,"Deposit in transit",IF(G29<0,"Outstanding payment","Review")),IF(COUNTIF('Bank Statement'!$D$7:$D$126,H29)=0,"Book only / review",IFERROR(IF(ABS(G29-SUMIF('Bank Statement'!$D$7:$D$126,H29,'Bank Statement'!$F$7:$F$126))<=Assumptions!$B$9,"Matched","Amount differs"),"Review")))) | N29: =Assumptions!D29 | O29: =Assumptions!F29
... J126: =IF(COUNTA(A126:I126,K126:L126)=0,"",IF(H126="",IF(G126>0,"Deposit in transit",IF(G126<0,"Outstanding payment","Review")),IF(COUNTIF('Bank Statement'!$D$7:$D$126,H126)=0,"Book only / review",IFERROR(IF(ABS(G126-SUMIF('Bank Statement'!$D$7:$D$126,H126,'Bank Statement'!$F$7:$F$126))<=Assumptions!$B$9,"Matched","Amount differs"),"Review")))) | N126: =Assumptions!D126 | O126: =Assumptions!F126

Sheet Assumptions
A1: Self Storage Bank Reconciliation Assumptions
A3: Setting | B3: Editable Value | C3: Purpose | D3: Facility Options | F3: Owner Options
A4: Selected facility | B4: Cedar Lantern Storage (Fictional) | C4: Facility included in the calculated summary. | D4: Cedar Lantern Storage (Fictional) | F4: Mara Ellison (Fictional)
A5: Period start | B5: 46235 | C5: First bank and book date included. | D5: Juniper Key Storage (Fictional) | F5: Theo Grant (Fictional)
A6: Period end | B6: 46265 | C6: Last date included and period value used in records. | D6: Northwind Bay Storage (Fictional) | F6: Rina Caldwell (Fictional)
A7: Opening bank statement balance | B7: 25000 | C7: Entered balance before this period's bank activity. | F7: Owen Mercer (Fictional)
A8: Opening book balance | B8: 25000 | C8: Entered balance before this period's book activity.
A9: Match tolerance | B9: 0.01 | C9: Maximum absolute amount difference treated as a match.
A11: Review note | B11: Calculated warnings request human review of entered records. This workbook does not connect to a bank, ledger, payment system, or gate system.
